 Dungeon Crawl Stone Soup version 0.28.0 (webtiles) character file.

Game seed: 17026981540885043155

0 styxcanada the Stinger (level 1, -5/10 HPs)
             Began as a Deep Elf Venom Mage on Feb 6, 2022.
             Slain by a gnoll (8 damage)
             ... on level 1 of the Dungeon.
             The game lasted 00:00:24 (52 turns).

styxcanada the Stinger (Deep Elf Venom Mage)          Turns: 52, Time: 00:00:25

Health: -5/10      AC:  2    Str:  5    XL:     1   Next: 0%
Magic:  2/6        EV: 12    Int: 19    God:
Gold:   0          SH:  0    Dex: 15    Spells: 5/6 levels left

rFire   . . .      SeeInvis .   (no weapon)
rCold   . . .      Faith    .   (no shield)
rNeg    . . .      Spirit   .   a - +0 robe
rPois   .          Reflect  .   (no helmet)
rElec   .          Harm     .   (no cloak)
rCorr   .          Rampage  .   (no gloves)
Will    .....                   (no boots)
Stlth   ++........              (no amulet)
HPRegen 0.03/turn               (no ring)
MPRegen 0.10/turn               (no ring)

@: no status effects
A: no striking features
a: no special abilities


You were on level 1 of the Dungeon.
You visited 1 branch of the dungeon, and saw 1 of its levels.

Inventory:

Armour
 a - a +0 robe (worn)


   Skills:
 + Level 2.4 Dodging
 * Level 2.4 Stealth
 * Level 3.0 Spellcasting
 * Level 1.1 Transmutations
 * Level 3.2 Poison Magic


You had 5 spell levels left.
You knew the following spells:

 Your Spells              Type           Power      Damage    Failure   Level
a - Sting                 Tmut/Pois      44%        1d5       6%          1

Your spell library contained the following spells:

 Spells                   Type           Power      Damage    Failure   Level
 Poisonous Vapours        Pois/Air       18%        N/A       12%         2
 Mephitic Cloud           Conj/Pois/Air  7%         N/A       28%         3
 Olgreb's Toxic Radiance  Pois           15%        N/A       36%         4


Dungeon Overview and Level Annotations

Branches:
Dungeon (1/15)

Altars:


Message History

Aim: a bat (57% to hit)
The sting misses the bat.
The endoplasm quivers.
The bat completely misses you. The bat misses you.
You hit the bat but do no damage. The bat barely misses you.
You barely miss the bat. The bat closely misses you.
The gnoll barely misses you. The bat closely misses you.
Casting: Sting (safe; 6% risk of failure)
Confirm with . or Enter, or press ? or * to list all spells.
Aiming: Sting (safe; 6% risk of failure)
Press: ? - help, Shift-Dir - straight line, f/p - bat
Aim: a bat (57% to hit)
The sting hits the bat but does no damage.
The bat is poisoned.
The bat closely misses you. The gnoll hits you with a +0 club.
The bat misses you.
The endoplasm jiggles.
The endoplasm hits you.
Casting: Sting (safe; 6% risk of failure)
Confirm with . or Enter, or press ? or * to list all spells.
Aiming: Sting (safe; 6% risk of failure)
Press: ? - help, Shift-Dir - straight line, f/p - bat
Aim: a bat (poisoned, 57% to hit)
The sting misses the bat.
The bat barely misses you. The bat closely misses you.
The gnoll hits you with a +0 club. The endoplasm hits you.
* * * LOW HITPOINT WARNING * * *
Unknown command.
Casting: Sting (safe; 6% risk of failure)
Confirm with . or Enter, or press ? or * to list all spells.
Aiming: Sting (safe; 6% risk of failure)
Press: ? - help, Shift-Dir - straight line, f/p - bat
Aim: a bat (heavily wounded, poisoned, 57% to hit)
The sting hits the bat.
The bat looks even sicker.
The bat is severely wounded.
You kill the bat!
The gnoll hits you with a +0 club!
Ouch! That really hurt!
You die...

...# #.#............
#..# #.###..........
###...####.#
###........
...........# ###.....#
.##...#.####
###........
#..##.######..........
#........#.......≈≈≈..
##.##.####.....≈≈≈≈≈≈≈
#.###+##@#
#....≈≈≈≈≈≈≈≈
#......gJ#
#############
.##.....## #.......#
#..........#
...$.......+
#............
#.#.......8.8. #
##......._...


You could see a gnoll and an endoplasm.

Vanquished Creatures
  A bat (D:1)
1 creature vanquished.

Notes
Turn   | Place    | Note
-------+----------+-------------------------------------------
     0 | D:1      | styxcanada the Deep Elf Venom Mage began the quest for the
                  | Orb.
     0 | D:1      | Reached XP level 1. HP: 10/10 MP: 6/6
    43 | D:1      | Found a faded altar of an unknown god.
    52 | D:1      | Slain by a gnoll

Illustrated notes

Levels and vault maps discovered:
D:1:      nzn_arrival_depleted_hourglass, layout_loops_corners,
          dreamdust_ecumenical_altar_statues, minmay_hexomino_c4

Action                   || total
-------------------------++-------
Melee: Unarmed           ||     2
 Cast: Sting             ||     4
Dodge: Dodged            ||    10
